 Dungeon Crawl Stone Soup version 0.17-a0-146-gd505748 (webtiles) character file.

18 BluebellGnoll the Grave Robber (level 2, 1/13 HPs)
             Began as a Vine Stalker Necromancer on Mar 25, 2015.
             Quit the game on level 2 of the Dungeon.
             The game lasted 00:03:46 (801 turns).

BluebellGnoll the Grave Robber (VSNe)                Turns: 801, Time: 00:03:46

Health: 1/13       AC:  2    Str: 15    XL:     2   Next: 70%
Magic:  5/5        EV: 12    Int: 15    God:
Gold:   12         SH:  0    Dex: 14    Spells: 2 memorised, 3 levels left

rFire  . . .     SeeInvis .       - Unarmed
rCold  . . .     Clarity  .     a - +0 robe
rNeg   . . .     SustAb   .     (no shield)
rPois  .         Gourm    .     (no helmet)
rElec  .         Spirit   +     (no cloak)
rCorr  .         Warding  .     (no gloves)
rMut   .         Stasis   .     (no boots)
MR     .....                    (no amulet)
Stlth  +.........               (no ring)
                                (no ring)

@: confused, mighty, very slightly contaminated, not resistant to hostile
enchantments, very unstealthy
A: fangs 2, regeneration 1, magic shield, antimagic bite, no device heal 3, rot
immunity
a: no special abilities


You were on level 2 of the Dungeon.
You were not hungry.

You visited 1 branch of the dungeon, and saw 2 of its levels.

You collected 12 gold pieces.

Inventory:

Missiles
 i - 24 stones (quivered)
Armour
 a - a +0 robe (worn)
Scrolls
 d - a scroll of immolation {unknown}
 e - a scroll of enchant weapon {unknown}
 g - a scroll of identify {unknown}
 j - a scroll of remove curse {unknown}
Potions
 h - 2 potions of ambrosia
Books
 b - a book of Necromancy

   Spells                             Type                      Level
   a - Pain                           Necromancy                   1
   b - Animate Skeleton               Necromancy                   1
   c - Vampiric Draining              Necromancy                   3
   d - Regeneration                   Charms/Necromancy            3
   e - Animate Dead                   Necromancy                   4
   f - Control Undead                 Necromancy                   4
Comestibles
 c - a bread ration


   Skills:
 - Level 1.5 Dodging
 - Level 2.4 Stealth
 + Level 2.2 Unarmed Combat
 - Level 2.1 Spellcasting
 - Level 4.0 Necromancy


You had 3 spell levels left.
You knew the following spells:

 Your Spells              Type           Power        Failure   Level  Hunger
a - Pain                  Necr           ##..         4%          1    #......
b - Animate Skeleton      Necr           N/A          4%          1    #......


Dungeon Overview and Level Annotations

Branches:
Dungeon (2/15)

Altars:


Innate Abilities, Weirdness & Mutations

You have extremely sharp teeth.
Your natural rate of healing is unusually fast.
When hurt, damage is shared between your health and your magic reserves.
Your bite disrupts and absorbs the magic of your enemies.
Potions and wands cannot restore your health.
You are immune to rotting.


Message History

Unknown command.
Drink which item? (? for menu, Esc to quit)
It was a potion of ambrosia.
You are confused.
You feel invigorated. The quokka misses you. The adder completely misses you.
Drink which item? (? for menu, Esc to quit)
It was a potion of restore abilities.
You feel refreshed. The quokka closely misses you.
The adder closely misses you. The quokka barely misses you.
Drink which item? (? for menu, Esc to quit)
It was a potion of might.
You feel very mighty all of a sudden. The adder barely misses you.
The quokka bites you.
* * * LOW HITPOINT WARNING * * *
The adder closely misses you.
You're too confused to cast spells.
Sorry, you're not good enough to have a special ability.
Unknown command.
Unknown command.
Are you sure you want to abandon this character and quit the game? (Confirm with "yes".)

# .##. #.....
#...... #.......
#.....?.
####........
#.@S........
#.r<........
#...........#
#...†........
#............
#...............
##.###+#.##.####
.. #.# ... #.#
###


You could see an adder and a quokka.

Vanquished Creatures
  A ball python (D:1)
  2 bats (D:1)
  A goblin (D:1)
  3 jackals (D:1)
  5 kobolds
  A quokka (D:1)
  A giant newt (D:1)
  3 rats (D:1)
17 creatures vanquished.

Notes
Turn   | Place    | Note
--------------------------------------------------------------
     0 | D:1      | BluebellGnoll, the Vine Stalker Necromancer, began the quest for the Orb.
     0 | D:1      | Reached XP level 1. HP: 9/9 MP: 3/3
   158 | D:1      | Reached skill level 1 in Unarmed Combat
   379 | D:1      | Reached XP level 2. HP: 11/13 MP: 1/5
   679 | D:1      | Learned a level 1 spell: Animate Skeleton
   801 | D:2      | Quit the game

Action                   || total
-------------------------++-------
Melee: Unarmed           ||    31
Throw: Stone             ||     1
 Cast: Pain              ||    18
  Use: Potion            ||     3
 Stab: Sleeping          ||     3
